 Dungeon Sprint DCSS version 0.19-a0-475-gfca3800 (webtiles) character file.

4693 Loading the Formicid Cataclysm (level 10, -3/86 HPs)
             Began as a Formicid Fighter on June 4, 2016.
             Was a High Priest of Qazlal.
             Killed by mirror damage (16 damage)
             ... in the Dungeon (Sprint V: "Ziggurat Sprint").
             The game lasted 00:04:51 (491 turns).

Loading the Formicid Cataclysm (Formicid Fighter)    Turns: 491, Time: 00:04:51

Health: -3/86      AC: 25    Str: 27    XL:     10   Next: 72%
Magic:  12/22      EV:  0    Int:  8    God:    Qazlal [*****.]
Gold:   0          SH: 38    Dex: 19    Spells: 0 memorised, 9 levels left

rFire  + + .     SeeInvis +     M - +7 great mace "Firestarter" {inner flame, rF++}
rCold  . . .     Gourm    .     l - +5 crystal plate armour
rNeg   + . .     Faith    .     L - +18 shield of the Gong {rElec rN+ MR+ EV-5}
rPois  .         Spirit   .     (helmet unavailable)
rElec  +         Dismiss  .     (no cloak)
rCorr  .         Reflect  .     (no gloves)
SustAt .         Harm     .     (no boots)
MR     ++...                    a - amulet of regeneration
Stlth  ..........               F - +6 ring of strength
                                B - +6 ring of dexterity

@: repel missiles, very resistant to hostile enchantments, extremely unstealthy
A: permanent stasis, dig shafts and tunnels, four strong arms, antennae 3
a: Dig, Upheaval, Elemental Force, Disaster Area, Renounce Religion


You were in the Dungeon.
You worshipped Qazlal.
Qazlal was extremely pleased with you.
You were not hungry.

You visited 1 branch

Inventory:

Hand Weapons
 M - the +7 great mace "Firestarter" (weapon) {inner flame, rF++}
   (You found it in the Dungeon)

   It has been specially enchanted to burn those struck by it, causing extra
   injury to most foes and up to half again as much damage against particularly
   susceptible opponents.
   It greatly protects you from fire.
Armour
 l - a +5 crystal plate armour (worn)
 m - a +5 gold dragon armour
 L - the +18 shield of the Gong (worn) {rElec rN+ MR+ EV-5}
   (You found it in the Dungeon)

   It affects your evasion (-5).
   It insulates you from electricity.
   It protects you from negative energy.
   It affects your resistance to hostile enchantments.
Jewellery
 a - an amulet of regeneration (around neck)
 B - a +6 ring of dexterity (left hand)
 C - a +6 ring of dexterity
 D - a +6 ring of intelligence
 E - a +6 ring of intelligence
 F - a +6 ring of strength (right hand)
 G - a +6 ring of strength
Wands
 c - a wand of hasting (3/9)
 H - a wand of disintegration (7/24)
 I - a wand of iceblast (5/15)
 J - a wand of lightning (5/15)
 K - a wand of acid (5/15)
Scrolls
 b - a scroll of brand weapon
 k - 4 scrolls of blinking
 s - 4 scrolls of amnesia
 t - 3 scrolls of recharging
 u - 7 scrolls of fog
 v - a scroll of holy word
 w - 5 scrolls of identify
 x - 5 scrolls of remove curse
 y - 2 scrolls of fear
Potions
 d - 6 potions of might
 e - 10 potions of curing
 g - 8 potions of heal wounds
 h - 6 potions of haste
 i - 7 potions of magic
 j - 3 potions of berserk rage
 n - 2 potions of brilliance
 o - 2 potions of invisibility
 p - 4 potions of resistance
 r - 5 potions of agility
Comestibles
 f - 5 bread rations
 z - 42 fruits
 A - 4 meat rations


   Skills:
 + Level 10.3 Fighting
 * Level 12.4 Maces & Flails
 + Level 10.3 Armour
 + Level 11.1 Shields
 * Level 16.2 Invocations


You had 9 spell levels left.
You didn't know any spells.

Dungeon Overview and Level Annotations

Branches:
Dungeon (1/1)

Altars:
Ashenzari
Cheibriados
Dithmenos
Elyvilon
Fedhas
Gozag
Hepliaklqana
Kikubaaqudgha
Makhleb
Nemelex Xobeh
Okawaru
Pakellas
Qazlal
Ru
Sif Muna
Trog
Uskayaw
Vehumet
Xom
Yredelemnul
Zin
The Shining One
Beogh
Jiyva
Lugonu


Innate Abilities, Weirdness & Mutations

You are under a permanent stasis effect.
You can dig through walls and to a lower floor.
Your four strong arms can wield two-handed weapons with a shield.
You have a pair of large antennae on your head. (SInv)


Message History

The yaktaur captain is severely wounded.
The cutting wind hits the death knight.
You kill the death knight!
Qazlal accepts your kill.
You have reached level 10!
The blast of ice hits the yaktaur captain.
You kill the yaktaur captain!
Qazlal accepts your kill.
Your Fighting skill increases to level 10!
Your Maces & Flails skill increases to level 12!
Your Armour skill increases to level 10!
You hear a sizzling sound!
The cutting wind hits the centaur warrior.
You kill the centaur warrior!
Qazlal accepts your kill.
Your Shields skill increases to level 11!
Your Invocations skill increases to level 16!
You hear a sizzling sound!
Your damage is reflected back at you!
You die...

▓........▓........▓
▓▓▓▓▓▓▓▓▓▓▓▓▓▓▓▓▓▓▓
▓≈≈8©8..▓ { {
▓≈."....▓ {{{
▓≈§≈}}..▓ ▓§§≈§§§≈▓
▓§.§§§≈§▓ ▓§§)§)≈§▓
{▓...@§.≈▓
▓§▓§≈.▓.▓ ▓..(≈≈..▓
▓▓▓▓▓▓▓▓▓ {{{ {{{


There were no monsters in sight!

Vanquished Creatures
  A vault guard (D)
  A yaktaur captain (D)
  A centaur warrior (D)
  A death knight (D)
  A wolf spider (D)
  A yaktaur (D)
  2 jumping spiders (D)
  A golden eye (D)
  3 eyes of draining (D)
  5 scorpions (D)
  2 wights (D)
  A jelly (D)
  An iron imp (D)
  A shadow imp (D)
  A bat zombie (D)
  A ball python zombie (D)
24 creatures vanquished.

Notes
Turn   | Place    | Note
--------------------------------------------------------------
     0 | D        | Loading the Formicid Fighter began the quest for the Orb.
     0 | D        | Reached XP level 1. HP: 18/18 MP: 1/1
     5 | D        | Found a blossoming altar of Fedhas.
     5 | D        | Found a snail-covered altar of Cheibriados.
     5 | D        | Found a viscous altar of Jiyva.
     5 | D        | Found a roughly hewn altar of Beogh.
     5 | D        | Found a corrupted altar of Lugonu.
     6 | D        | Found a white marble altar of Elyvilon.
     6 | D        | Found a shimmering altar of Xom.
     8 | D        | Found a deep blue altar of Sif Muna.
     8 | D        | Found a burning altar of Makhleb.
     8 | D        | Found a bloodstained altar of Trog.
     8 | D        | Found an iron altar of Okawaru.
     8 | D        | Found a sparkling altar of Nemelex Xobeh.
     8 | D        | Found a radiant altar of Vehumet.
    47 | D        | Became a worshipper of Qazlal Stormbringer
    87 | D        | Reached skill level 8 in Invocations
    87 | D        | Reached XP level 2. HP: 24/24 MP: 1/7
   147 | D        | Entered arena 1.
   151 | D        | Reached skill level 9 in Invocations
   151 | D        | Reached XP level 3. HP: 30/30 MP: 9/9
   155 | D        | Entered arena 2.
   155 | D        | Noticed a jumping spider
   155 | D        | Noticed a scorpion
   155 | D        | Noticed a scorpion
   161 | D        | Killed a scorpion
   161 | D        | Reached * piety under Qazlal
   161 | D        | Reached XP level 4. HP: 29/37 MP: 10/10
   165 | D        | Reached skill level 5 in Shields
   165 | D        | Reached skill level 10 in Invocations
   165 | D        | Reached XP level 5. HP: 24/43 MP: 10/12
   170 | D        | Killed a jumping spider
   170 | D        | Reached skill level 5 in Fighting
   170 | D        | Reached skill level 5 in Armour
   170 | D        | Reached skill level 11 in Invocations
   170 | D        | Reached XP level 6. HP: 30/52 MP: 10/14
   299 | D        | Entered arena 3.
   304 | D        | Reached ** piety under Qazlal
   304 | D        | Reached XP level 7. HP: 57/58 MP: 15/15
   318 | D        | Entered arena 4.
   318 | D        | Noticed a jumping spider
   321 | D        | Reached *** piety under Qazlal
   326 | D        | Killed a jumping spider
   326 | D        | Reached skill level 12 in Invocations
   326 | D        | Reached XP level 8. HP: 51/67 MP: 15/17
   352 | D        | Entered arena 5.
   353 | D        | Reached **** piety under Qazlal
   360 | D        | Reached skill level 13 in Invocations
   483 | D        | Entered arena 6.
   483 | D        | Noticed a centaur warrior
   483 | D        | Noticed a yaktaur captain
   483 | D        | Noticed a yaktaur
   483 | D        | Noticed a vault guard
   483 | D        | Noticed a death knight
   483 | D        | Noticed a wolf spider
   488 | D        | Killed a wolf spider
   488 | D        | Reached ***** piety under Qazlal
   488 | D        | Reached skill level 10 in Maces & Flails
   489 | D        | Reached XP level 9. HP: 13/75 MP: 19/19
   490 | D        | Killed a yaktaur
   490 | D        | Reached skill level 14 in Invocations
   491 | D        | Killed a vault guard
   491 | D        | Reached skill level 10 in Shields
   491 | D        | Reached skill level 15 in Invocations
   491 | D        | Killed a death knight
   491 | D        | Reached XP level 10. HP: 13/84 MP: 19/21
   491 | D        | Killed a yaktaur captain
   491 | D        | Reached skill level 10 in Fighting
   491 | D        | Reached skill level 10 in Armour
   491 | D        | Killed a centaur warrior
   491 | D        | Reached skill level 16 in Invocations
   491 | D        | Killed by mirror damage

Vault maps used:
D:        sprint_v

Skill      XL: |  1  2  3  4  5  6  7  8  9 10 |
---------------+-------------------------------+-----
Invocations    | 8 9 10 11 12 13 15 16 | 16.2
Maces & Flails | 3 4 6 8 10 11 12 | 12.4
Shields        | 4 5 6 7 9 10 11 | 11.1
Fighting       | 4 5 6 7 8 9 10 | 10.3
Armour         | 4 5 6 7 8 9 10 | 10.3

Action                   |  1- 3 |  4- 6 |  7- 9 | 10-12 || total
-------------------------+-------+-------+-------+-------++-------
Melee: Great mace        |     5 |     9 |    29 |       ||    43
Invok: Upheaval          |       |       |     1 |       ||     1
       Disaster Area     |       |       |       |     1 ||     1
  Use: Potion            |     1 |       |     2 |       ||     3
Armor: Crystal plate arm |     7 |    13 |    11 |       ||    31
Dodge: Dodged            |       |       |     1 |       ||     1
Block: Shield            |    11 |    23 |    46 |       ||    80
